 Dungeon Crawl Stone Soup version 0.20-a0-555-gf6ae02d (webtiles) character file.

98 Lahna the Charlatan (level 5, -2/32 HPs)
             Began as a Kobold Artificer on Feb 8, 2017.
             Slain by a gnoll (8 damage)
             ... on level 2 of the Dungeon.
             The game lasted 00:04:22 (2078 turns).

Lahna the Charlatan (Kobold Artificer)              Turns: 2078, Time: 00:04:23

Health: -2/32      AC:  3    Str:  9    XL:     5   Next: 0%
Magic:  8/8        EV: 16    Int: 13    God:
Gold:   106        SH:  0    Dex: 16    Spells: 4/4 levels left

rFire    . . .     SeeInvis .   s - +1 dagger (holy)
rCold    . . .     Gourm    .   b - +0 leather armour
rNeg     . . .     Faith    .   (shield restricted)
rPois    .         Spirit   .   (no helmet)
rElec    .         Reflect  .   (no cloak)
rCorr    .         Harm     .   (no gloves)
MR       .....                  (no boots)
Stlth    ++........             (no amulet)
Regen    0.1/turn               (no ring)
                                (no ring)

@: lethally poisoned (-2 -> -3)
A: carnivore 3
a: no special abilities


You were on level 2 of the Dungeon.
You were completely stuffed.

You visited 1 branch of the dungeon, and saw 2 of its levels.

You collected 106 gold pieces.

Inventory:

Hand Weapons
 s - a +1 dagger of holy wrath (weapon)
Armour
 b - a +0 leather armour (worn)
Magical Staves
 p - an uncursed staff of fire
Wands
 c - a wand of flame (14/48)
 d - a wand of enslavement (14/24)
 e - a wand of random effects (15/48)
Scrolls
 i - 3 scrolls of amnesia {unknown}
 l - a scroll of fog {unknown}
 m - a scroll of teleportation {unknown}
 n - a scroll of magic mapping {unknown}
 o - a scroll of enchant armour {unknown}
 r - a scroll of remove curse {unknown}
Potions
 a - a potion of magic {unknown}
 g - 2 potions of curing {unknown}
 h - 2 potions of berserk rage {unknown}
 j - a potion of haste {unknown}
 k - a potion of lignification {unknown}
Comestibles
 f - 2 meat rations
 q - a chunk of flesh


   Skills:
 + Level 2.8 Fighting
 - Level 2.0 Short Blades
 + Level 3.7 Dodging
 + Level 2.9 Stealth
 - Level 4.0 Evocations


You had 4 spell levels left.
You didn't know any spells.

Dungeon Overview and Level Annotations

Branches:
Dungeon (2/15)

Altars:


Innate Abilities, Weirdness & Mutations

You are small and have problems with some larger weapons.
You are carnivorous and can eat meat at any time.


Message History

You feel sick. The gnoll hits your gnoll.
Your gnoll hits the gnoll. The gnoll barely misses your gnoll.
Your gnoll hits the gnoll!
The gnoll dies!
You have reached level 5!
You feel clever.
You feel sick. The gnoll hits your gnoll!
Your gnoll dies!
You barely miss the gnoll. The gnoll barely misses you.
You hit the gnoll.
The gnoll is lightly wounded.
The gnoll hits you!
* * * LOW HITPOINT WARNING * * *
You hit the gnoll.
The gnoll is moderately wounded.
You feel sick. The gnoll hits you!
* * * LOW HITPOINT WARNING * * *
You hit the gnoll.
The gnoll is moderately wounded.
The gnoll hits you!
You die...

..........###.#.#######............
.........%###.#.#######............
... #........................
#......######............ #....).#
############. #......# #. #......#
#. #......######## ##
#......@g......
#########......#######.
................# .##############.#
.# .# .#


You could see a gnoll.

Vanquished Creatures
  7 adders (D:2)
  4 ball pythons
  A giant cockroach (D:2)
  5 goblins
  A hobgoblin (D:1)
  A kobold (D:2)
  7 bats
  5 frilled lizards
  5 rats
36 creatures vanquished.

Vanquished Creatures (collateral kills)
  A gnoll (D:2)
1 creature vanquished.

Vanquished Creatures (others)
  A gnoll (D:2)
1 creature vanquished.

Grand Total: 38 creatures vanquished

Notes
Turn   | Place    | Note
-------+----------+-------------------------------------------
     0 | D:1      | Lahna the Kobold Artificer began the quest for the Orb.
     0 | D:1      | Reached XP level 1. HP: 12/12 MP: 3/3
   254 | D:1      | Reached XP level 2. HP: 5/16 MP: 4/4
   542 | D:1      | Reached skill level 4 in Evocations
  1119 | D:2      | Reached XP level 3. HP: 10/21 MP: 6/6
  1551 | D:2      | Reached XP level 4. HP: 24/27 MP: 7/7
  2071 | D:2      | Reached XP level 5. HP: 24/32 MP: 8/8
  2078 | D:2      | Slain by a gnoll

Vault maps used:
D:1:      lightli_arrival_lavapool, minmay_misc_feat_doors, minivault_5

Skill      XL: |  1  2  3 |
---------------+----------+-----
Evocations     | 4 |  4.0
Short Blades   | 2 |  2.0
Fighting       | 2 |  2.8
Stealth        | 2 |  2.9
Dodging        | 3 |  3.7

Action                   |  1- 3 |  4- 6 || total
-------------------------+-------+-------++-------
Melee: Short sword       |    93 |    51 ||   144
       Dagger            |       |    14 ||    14
Evoke: Wand              |     1 |     1 ||     2
 Stab: Sleeping          |     5 |     1 ||     6
  Eat: Chunk             |    10 |     2 ||    12
Armor: Leather armour    |    23 |     7 ||    30
Dodge: Dodged            |    71 |    64 ||   135
